Cogmind - Beta 14 @@@ ROGUE MODE // 2024.12.25 @ 18:22:59 Player: Cog on my mind Result: Escaped! Performance ------------- Evolutions (9) 4500 Regions Visited (25) 5000 Robots Destroyed (375) 1875 Value Destroyed (19847) 19847 Prototype IDs (86) 1720 Alien Tech Used (0) 0 Bonus (15528) 15528 TOTAL SCORE: 48470 Bonus ------- High Alert Combat Kills 3870 Follower Combat Kills 4644 Entered Garrisons 1400 Used RIF Installer 3500 Aligned with FarCom 300 Win 3000 Friendly Fire -1186 Cogmind --------- Core Integrity 1600/1600 Matter 290/300 Energy 550/580 System Corruption 0% Temperature Cool (40) Movement Hovering (20) Location To Epsilon Eridani Parts ------- > --- POWER (3) -------- Particle Reactor Particle Reactor > --- PROPULSION (10) -- Cooled Aerolev Unit Cooled Aerolev Unit Cooled Aerolev Unit Linear Gravjet Linear Gravjet Combat Gravmag System Improved Linear Gravjet Cooled Antigrav System Antigrav Array > --- UTILITY (10) ----- Advanced Heat Sink High-capacity Storage Unit Improved Hacking Suite Advanced System Shield Advanced System Shield Experimental System Shield Relay Coupler [NC] (13) Relay Coupler [Grunt] (8) Relay Coupler [Brawler] (23) Relay Coupler [Behemoth] (22) > --- WEAPON (2) ------- Advanced Remote Datajack Plasma Lance > --- INVENTORY (20) --- Light Quantum Reactor Linear Gravjet Improved Antigrav System Improved Antigrav System Improved Energy Well (400) Advanced Matter Compressor (400) Structural Scanner Tactical Coordination Suite Advanced Reaction Control System Layered Medium Armor Plating Advanced Powered Armor Improved Remote Force Field Relay Coupler [NC] (50) Relay Coupler [Swarmer] (48) Relay Coupler [Grunt] (34) Relay Coupler [Sentry] (38) Relay Coupler [Sentry] (37) Relay Coupler [Hunter] (27) Relay Coupler [Heavy] (32) Mini Smartbomb Launcher Peak State ------------ > --- POWER ------------ Particle Reactor Particle Reactor Light Quantum Reactor > --- PROPULSION ------- Cooled Aerolev Unit Cooled Aerolev Unit Cooled Aerolev Unit Linear Gravjet Linear Gravjet Linear Gravjet Combat Gravmag System Improved Antigrav System Improved Linear Gravjet Cooled Antigrav System > --- UTILITY ---------- Advanced Heat Sink High-capacity Storage Unit Tactical Coordination Suite Improved Remote Force Field Improved Hacking Suite Advanced System Shield Advanced System Shield Experimental System Shield Relay Coupler [Grunt] Relay Coupler [Brawler] > --- WEAPON ----------- Advanced Remote Datajack Plasma Lance > --- INVENTORY -------- Light Antimatter Reactor Improved Antigrav System Improved Antigrav System Improved Energy Well Advanced Matter Compressor Structural Scanner Advanced Reaction Control System Layered Medium Armor Plating Advanced Powered Armor Experimental Force Field Relay Coupler [NC] Relay Coupler [NC] Relay Coupler [Swarmer] Relay Coupler [Sentry] Relay Coupler [Sentry] Relay Coupler [Hunter] Relay Coupler [Heavy] Relay Coupler [Behemoth] Advanced System Restoration Module Mini Smartbomb Launcher [Rating: 167] Favorites ----------- Power Antimatter Reactor Engine Heavy Deuterium Engine Power Core Neutrino Core Reactor Antimatter Reactor Propulsion Cooled Aerolev Unit Treads Light Treads Leg Improved Titanium Leg Wheel Compact Wheel Hover Unit Cooled Aerolev Unit Flight Unit Xenon Bombardment Thruster Utility Hacking Suite Device Structural Scanner Storage High-capacity Storage Unit Processor Improved Launcher Guidance Computer Hackware Hacking Suite Protection Improved Propulsion Shielding Weapon Katana Energy Gun Field Laser Ballistic Gun Minigun Ballistic Cannon Advanced Assault Cannon Launcher Shock Bomb Launcher Special Weapon Improved Remote Datajack Slashing Weapon Katana Piercing Weapon Plasma Lance Build | -11 -10 -10 -10 -9 -8 -8 -8 -7 -7 -7 -6 -6 -5 -5 -5 -5 -5 -5 -4 -4 -3 -3 -2 -2 -1 ------- Run | Yrd Mat Min Exi Min Mat Gar Mat Fac Was Fac Fac Gar Fac Was Fac Gar Fac Gar Fac Gar Res Gar Res Gar Acc Slots Evolved 18 | . . . . . 4 . . 2 . . 2 . 2 . . . . . 2 . 2 . 2 . 2 Power 2 | . . . . . . . . . . . . . . . . . . . 1 . . . . . 1 Propulsion 8 | . . . . . 2 . . 2 . . 1 . . . . . . . 1 . 1 . . . 1 Utility 8 | . . . . . 2 . . . . . 1 . 2 . . . . . . . 1 . 2 . . Weapon . | . . . . . . . . . . . . . . . . . . . . . . . . . . Parts Attached 744 | 9 11 7 1 1 41 28 17 54 4 60 38 29 30 8 66 34 59 32 73 33 53 18 3 17 18 Power 46 | 1 1 1 . . 4 2 2 2 1 6 . 1 4 1 2 1 5 1 2 2 1 1 . 1 4 Engine 15 | 1 1 . . . 2 1 1 2 1 5 . . 1 . . . . . . . . . . . . Core 13 | . . 1 . . 2 1 1 . . 1 . 1 3 . . . 1 . 1 1 . . . . . Reactor 18 | . . . . . . . . . . . . . . 1 2 1 4 1 1 1 1 1 . 1 4 Propulsion 177 | 4 4 . . 1 14 10 4 18 3 25 15 1 4 2 18 2 10 3 16 1 14 2 2 . 4 Treads 8 | . . . . . . 5 2 1 . . . . . . . . . . . . . . . . . Leg 5 | . . . . . . 4 . 1 . . . . . . . . . . . . . . . . . Wheel 34 | 4 4 . . 1 . . . 14 1 10 . . . . . . . . . . . . . . . Hover 127 | . . . . . 14 1 2 2 2 12 15 1 4 2 18 2 10 3 16 1 14 2 2 . 4 Flight 3 | . . . . . . . . . . 3 . . . . . . . . . . . . . . . Utility 363 | 2 3 1 . . 13 6 4 17 . 21 22 15 17 5 41 19 38 17 46 17 30 6 1 12 10 Device 219 | 1 1 1 . . 10 4 2 9 . 12 18 9 10 3 22 15 25 6 33 7 17 . 1 6 7 Storage 11 | 1 1 . . . . 2 . 1 . 2 . . . . 1 . . . 1 . 2 . . . . Processor 13 | . 1 . . . . . . 1 . 2 . 1 2 1 . . 3 . 2 . . . . . . Hackware 77 | . . . . . 1 . 2 2 . 2 3 1 2 . 10 1 5 9 6 9 9 6 . 6 3 Protection 43 | . . . . . 2 . . 4 . 3 1 4 3 1 8 3 5 2 4 1 2 . . . . Artifact . | . . . . . . . . . . . . . . . . . . . . . . . . . . Weapon 158 | 2 3 5 1 . 10 10 7 17 . 8 1 12 5 . 5 12 6 11 9 13 8 9 . 4 . Energy Gun 2 | 1 . 1 . . . . . . . . . . . . . . . . . . . . . . . Energy Cannon . | . . . . . . . . . . . . . . . . . . . . . . . . . . Ballistic Gun 22 | 1 3 2 . . 6 1 . 4 . 3 . 2 . . . . . . . . . . . . . Ballistic Cannon 12 | . . 1 . . . 4 4 2 . 1 . . . . . . . . . . . . . . . Launcher 48 | . . 1 1 . 4 3 3 2 . . . 4 1 . 1 8 . 2 1 6 5 4 . 2 . Special Weapon 38 | . . . . . . . . 4 . 1 1 2 4 . 3 . 4 5 5 4 2 2 . 1 . Impact Weapon . | . . . . . . . . . . . . . . . . . . . . . . . . . . Slashing Weapon 30 | . . . . . . 2 . 4 . 3 . 4 . . 1 4 2 4 3 3 . . . . . Piercing Weapon 6 | . . . . . . . . 1 . . . . . . . . . . . . 1 3 . 1 . Special Melee Weapon . | . . . . . . . . . . . . . . . . . . . . . . . . . . Unidentified Prototypes 8 | . . . . . . . . . 1 . . . . 1 1 . 5 . . . . . . . . Corrupted Parts 1 | . . . . . . 1 . . . . . . . . . . . . . . . . . . . System Corruption 5 | . . . . . . 5 . . . . . . . . . . . . . . . . . . . Parts Lost 89 | . 2 . . . 3 11 7 12 6 6 1 2 3 . 8 2 9 2 4 3 6 1 . . 1 Power 8 | . . . . . . 2 . 1 . . . 1 1 . 1 . 1 . . 1 . . . . . Propulsion 54 | . 2 . . . 2 5 4 10 4 4 . 1 1 . 4 . 7 2 2 1 3 1 . . 1 Utility 18 | . . . . . 1 3 . . 1 1 1 . 1 . 3 1 1 . 2 1 2 . . . . Weapon 9 | . . . . . . 1 3 1 1 1 . . . . . 1 . . . . 1 . . . . Highest Loss Streak 6 | . 2 . . . 2 4 2 3 6 3 1 1 1 . 2 1 3 1 1 2 1 1 . . 1 To Critical Strikes . | . . . . . . . . . . . . . . . . . . . . . . . . . . Average Slot Usage (%) 92 | . 97 100 100 100 97 83 81 90 72 87 89 81 88 94 98 89 94 93 95 98 95 94 94 99 95 Engine 2 | . 14 1 . . 6 3 4 6 4 5 6 1 1 . . . . . . . . . . . . Core 2 | . . 12 14 14 3 4 4 . . . . 4 3 2 . . . . 4 5 4 3 . . . Reactor 2 | . . . . . . . . . . . . . . 2 5 5 4 5 4 4 4 4 8 8 8 Treads 1 | . . . . . . 13 17 1 . . . . . . . . . . . . . . . . . Wheel 4 | . 25 28 28 28 . . . 19 25 13 . . . . . . . . . . . . . . . Hover 29 | . . . . . 35 3 2 11 4 20 36 32 32 35 40 41 38 40 40 42 39 38 38 39 38 Device 7 | . 5 11 14 14 9 13 9 5 4 8 11 6 14 17 9 6 6 1 4 1 5 1 3 8 9 Storage 6 | . 14 14 14 14 9 12 9 7 5 5 6 6 5 5 5 5 5 5 5 5 4 4 4 4 4 Processor 2 | . 8 2 . . . . . . . 11 . 5 5 5 5 5 5 . . . . . . . . Hackware 15 | . . . . . 8 9 17 16 12 . 13 5 5 5 16 13 19 28 25 26 25 30 30 29 26 Protection 1 | . . . . . 8 . . . . . . 1 4 5 1 3 . . . 2 . . . . . Ballistic Gun 2 | . 20 13 . . 15 2 . 4 . 4 . . . . . . . . . . . . . . . Ballistic Cannon 1 | . . 3 4 . . 6 13 1 . 2 . . . . . . . . . . . . . . . Launcher 1 | . . . 9 14 . 4 3 . . . . 5 . . . 1 . 1 . 1 . 1 . . . Special Weapon 2 | . . . . . . . . 1 4 . 5 2 4 5 4 . 4 3 4 3 2 2 4 3 4 Slashing Weapon 3 | . . . . . . 4 . 3 4 5 6 3 5 5 5 2 4 2 4 4 . . . . . Peak Build Rating 167 | 9 10 16 17 17 30 33 34 43 39 48 72 78 77 81 98 100 104 102 126 120 144 144 140 147 167 Average Rating 73 | 5 8 13 16 17 27 26 24 35 26 35 67 72 74 77 85 89 89 92 107 115 127 134 136 140 152 On Entrance 64 | . 9 10 15 17 17 29 33 26 37 1 47 71 75 77 80 90 81 93 80 116 116 137 140 137 140 Naked Turns 27 | . . . . . . . . . 27 . . . . . . . . . . . . . . . . Heaviest Build 120 | 15 19 25 25 25 33 45 45 44 38 40 49 61 65 54 87 92 85 80 96 88 101 97 79 105 120 Greatest Support 116 | 32 32 24 24 24 29 40 82 62 50 78 76 76 73 66 69 73 84 87 99 101 116 112 101 109 108 Greatest Overweight (x) 6 | . 4 1 1 1 1 1 2 2 6 1 . 2 1 . 1 1 1 1 1 1 1 1 . 1 1 Average Overweight (x) . | . . . . 1 . . . . . . . . . . . . . . . . . . . . . Largest Inventory Capacity 20 | 8 10 10 10 10 10 15 15 15 15 15 15 15 15 15 20 20 20 20 20 20 20 20 20 20 20 Average Capacity 16 | 7 8 10 10 10 10 14 15 15 12 13 15 15 15 15 19 20 20 20 20 20 20 20 20 20 20 Most Carried 20 | 4 10 10 10 10 10 15 15 15 15 15 15 15 15 15 20 20 20 20 20 20 20 20 20 20 20 Average Carried 15 | . 7 9 9 10 9 12 14 14 12 12 14 13 14 14 17 18 17 18 17 19 18 19 19 18 19 Final Capacity 20 | 8 10 10 10 10 10 15 15 15 5 15 15 15 15 15 20 20 20 20 20 20 20 20 20 20 20 Final Carried 20 | 2 10 10 10 10 10 15 12 15 5 15 14 14 15 15 18 19 17 19 17 20 20 20 20 20 20 Class Distribution -------------------- 17% | Hacker-Mutant 16% | Scavenger-Mutant 15% | Mutant 13% | Hacker-Sprinter 9% | Commander-Sprinter 8% | Botlord-Sprinter 5% | Bothacker-Sprinter 4% | Bothacker-Mutant Dominant Class ---------------- Mutant | -10/Materials Mutant | -10/Mines Mutant | -10/Exiles Skirmisher | -9/Mines Scavenger-Mutant | -8/Materials Scavenger-Mutant | -8/Garrison Hacker-Mutant | -8/Materials Scavenger-Mutant | -7/Factory Scavenger-Mutant | -7/Waste Scavenger-Mutant | -7/Factory Hacker-Mutant | -6/Factory Mutant | -6/Garrison Mutant | -5/Factory Infiltrator-Sprinter | -5/Waste Hacker-Sprinter | -5/Factory Hacker-Mutant | -5/Garrison Hacker-Mutant | -5/Factory Botlord-Sprinter | -5/Garrison Hacker-Sprinter | -4/Factory Botlord-Sprinter | -4/Garrison Commander-Sprinter | -3/Research Botlord-Sprinter | -3/Garrison Botlord-Sprinter | -2/Research Commander-Sprinter | -2/Garrison Botlord-Sprinter | -1/Access Resources | -11 -10 -10 -10 -9 -8 -8 -8 -7 -7 -7 -6 -6 -5 -5 -5 -5 -5 -5 -4 -4 -3 -3 -2 -2 -1 ----------- Run | Yrd Mat Min Exi Min Mat Gar Mat Fac Was Fac Fac Gar Fac Was Fac Gar Fac Gar Fac Gar Res Gar Res Gar Acc Matter Collected 15895 | 338 335 402 . 45 782 763 1089 831 51 713 298 780 350 105 644 587 748 815 1118 1403 1456 834 68 975 365 Remotely . | . . . . . . . . . . . . . . . . . . . . . . . . . . Salvage Created 14093 | 132 377 215 . 68 931 623 741 1230 . 789 621 1827 479 . 766 882 701 391 720 600 1127 304 . 348 221 Parts 791 | 10 33 12 . 7 47 35 25 65 . 65 47 72 23 . 67 44 46 11 37 55 52 17 . 14 7 Haulers Intercepted 6 | . 1 . . . 3 . . 1 . . . . . . 1 . . . . . . . . . . Recyclers Shooed 11 | 1 . . . . 1 . 4 . . 2 1 . . . 1 . . . 1 . . . . . . Parts Field Recycled 93 | . . . . . . . . . . . 18 . . . 24 20 2 24 4 1 . . . . . Retrieved Matter 2147 | . . . . . . . . . . . 359 . . . 598 242 270 467 200 11 . . . . . Parts Self-Destructed . | . . . . . . . . . . . . . . . . . . . . . . . . . . Prevented . | . . . . . . . . . . . . . . . . . . . . . . . . . . Kills | -11 -10 -10 -10 -9 -8 -8 -8 -7 -7 -7 -6 -6 -5 -5 -5 -5 -5 -5 -4 -4 -3 -3 -2 -2 -1 ------- Run | Yrd Mat Min Exi Min Mat Gar Mat Fac Was Fac Fac Gar Fac Was Fac Gar Fac Gar Fac Gar Res Gar Res Gar Acc Combat Hostiles Destroyed 239 | . 9 4 . 2 13 18 13 15 . 4 5 20 2 . 7 34 6 17 4 32 10 14 . 5 5 Melee 55 | . . . . . . 3 . 4 . 3 5 5 2 . 4 2 6 3 4 . 1 3 . 5 5 Guns 38 | . 9 3 . 1 11 7 . 6 . 1 . . . . . . . . . . . . . . . Cannons 12 | . . . . . . 4 7 1 . . . . . . . . . . . . . . . . . AOE 127 | . . 1 . 1 2 3 5 4 . . . 10 . . 3 32 . 14 . 32 9 11 . . . Classes Destroyed 20 | 2 5 1 . 1 2 2 . 1 . . 1 2 1 . . . . 1 . . . . . . 1 Worker 34 | . . . . 1 1 . . 8 . 7 2 . 2 . 3 . 1 . 4 . 5 . . . . Builder 8 | . . 1 . . . . . . . 1 . . . . 3 . . . 2 . 1 . . . . Tunneler 11 | 3 1 . . . . . . 1 . 2 . . 1 . 2 . 1 . . . . . . . . Hauler 6 | . 1 . . . 3 . . 1 . . . . . . 1 . . . . . . . . . . Recycler 24 | 1 . . . . . . 6 4 . 4 1 . 1 . 1 . 2 . 1 . 3 . . . . Mechanic 3 | . . . . . . . . . . . 1 . 1 . . . . . . . 1 . . . . Operator 10 | . 1 . . . 1 . . . . 2 . . 2 . 2 . 1 . . . 1 . . . . Watcher 36 | . 3 . . . 4 . 1 2 . 2 5 . 3 . 4 1 3 . 5 1 2 . . . . Swarmer 87 | . 6 . . 2 . 5 3 6 . . . 6 . . . 20 . 5 . 19 3 8 . 1 3 Cutter 12 | . . . . . . 2 . . . . . . . . . 5 . . . 5 . . . . . Saboteur 1 | . . . . . . . . . . . . . 1 . . . . . . . . . . . . Grunt 70 | . 3 4 . . 7 7 7 4 . . . 6 1 . 1 7 . 5 1 7 5 2 . 3 . Brawler 4 | . . . . . . . . . . . . . . . . . . 4 . . . . . . . Duelist 1 | . . . . . . 1 . . . . . . . . . . . . . . . . . . . Protector 1 | . . . . . . . . . . . . . . . . . . . . . . . . . 1 Sentry 23 | . . . . . 3 3 2 2 . 2 2 4 . . . . . 2 . 1 . . . 1 1 Specialist 3 | . . . . . . . . . . . . 1 . . . . . . . . . 2 . . . Hunter 9 | . . . . . 3 . 1 . . . . . . . 2 . . 2 1 . . . . . . Programmer 30 | . . . . . . . . 3 . 2 3 2 . . 4 1 6 . 2 1 4 2 . . . Behemoth 2 | . . . . . . . . . . . . 1 . . . 1 . . . . . . . . . Best Kill Streak 12 | 3 4 2 . 2 4 4 4 5 . 5 2 3 4 . 4 12 2 7 2 9 5 4 . 2 1 Combat Bots Only 12 | . 4 2 . 2 3 4 3 4 . 1 1 3 1 . 3 12 2 7 2 9 4 4 . 2 1 Max Kills in Single Turn 5 | 1 2 1 . 1 1 3 2 2 . 1 1 3 1 . 1 5 1 2 1 5 2 2 . 1 1 Gunslinging 1 | . 1 . . . . . . . . . . . . . . . . . . . . . . . . Exploded 5 | . . 1 . 1 1 3 2 2 . . . 3 . . 1 5 . 2 . 5 2 2 . . . Melee 1 | . . . . . . 1 . 1 . 1 1 1 1 . 1 1 1 1 1 . 1 1 . 1 1 Uniques/NPCs Destroyed . | . . . . . . . . . . . . . . . . . . . . . . . . . . Combat | -11 -10 -10 -10 -9 -8 -8 -8 -7 -7 -7 -6 -6 -5 -5 -5 -5 -5 -5 -4 -4 -3 -3 -2 -2 -1 -------- Run | Yrd Mat Min Exi Min Mat Gar Mat Fac Was Fac Fac Gar Fac Was Fac Gar Fac Gar Fac Gar Res Gar Res Gar Acc Hostile Shots Fired 1398 | . 49 25 . 13 57 151 72 178 4 111 93 179 38 . 86 38 113 14 27 28 82 22 . 12 6 Missed 503 | . 13 7 . 2 20 29 22 60 . 33 42 82 21 . 28 16 39 3 14 13 42 9 . 5 3 Damage Taken 14188 | . 438 250 . 100 498 1471 896 1506 192 804 434 934 533 . 1262 668 1724 219 285 409 920 275 . 270 100 Core 2320 | . 84 43 . 36 112 245 111 244 126 180 70 76 42 . 139 133 251 29 62 47 166 82 . 42 . Absorbed by Shields 916 | . . . . . 70 451 39 . . . . 39 . . . . . . 11 12 202 58 . . 34 Redirected to Shielding 303 | . . . . . 105 . . . . . . . . . 129 69 . . . . . . . . . Ignored by Resistances 88 | . . . . . 14 74 . . . . . . . . . . . . . . . . . . . Regen/Repaired (Parts) 1321 | . . . . . 110 . . . . 22 175 . . . 304 . 134 . 437 . 139 . . . . Core Remaining (%) 65 | 100 . . . 34 . . 14 . . 21 . 82 . . . . . 40 . 90 . 80 . 97 100 Volleys Fired 878 | 22 50 18 . 11 69 71 79 57 . 16 4 74 11 . 26 46 23 51 31 56 58 36 7 42 20 Largest 2 | 2 2 2 . 1 2 2 2 2 . 2 1 1 1 . 1 1 1 1 1 1 1 1 1 1 1 Hottest 102 | 70 70 102 . 63 72 96 96 76 . 56 5 49 43 . 49 46 7 80 7 80 80 80 10 80 10 Shots Fired 1100 | 44 100 33 . 11 126 114 104 61 . 26 4 74 11 . 26 44 23 50 31 56 58 35 7 42 20 Gun 434 | 44 100 29 . 7 120 75 . 37 . 20 . 2 . . . . . . . . . . . . . Cannon 127 | . . 1 . . . 25 90 7 . 4 . . . . . . . . . . . . . . . Launcher 289 | . . 3 . 4 6 14 14 9 . . . 70 2 . 6 44 . 24 . 41 22 20 . 10 . Special 250 | . . . . . . . . 8 . 2 4 2 9 . 20 . 23 26 31 15 36 15 7 32 20 Kinetic 486 | 22 70 26 . . 108 100 90 44 . 24 . 2 . . . . . . . . . . . . . Thermal 75 | 22 30 4 . 7 12 . . . . . . . . . . . . . . . . . . . . Explosive 172 | . . . . . 3 . 3 . . . . 2 2 . 6 39 . 24 . 41 22 20 . 10 . Electromagnetic 117 | . . 3 . 4 3 14 11 9 . . . 68 . . . 5 . . . . . . . . . Robot Hit Streak 19 | 8 13 8 . 4 11 14 15 12 . 11 3 15 3 . 11 13 19 9 10 6 12 7 9 6 10 Robot Miss Streak 8 | 3 5 2 . 1 4 4 8 1 . 3 1 . 1 . 1 . 2 2 2 1 1 2 1 2 2 Penetration Max . | . . . . . . . . . . . . . . . . . . . . . . . . . . Secondary Targets 5 | . 3 . . . . 2 . . . . . . . . . . . . . . . . . . . Max Gunslinging Chain 1 | . 1 . . . . 1 . . . . . . . . . . . . . . . . . . . Shots Hit Robots 928 | 28 64 22 . 5 80 75 56 80 . 43 36 61 25 . 60 10 52 26 56 25 49 15 5 32 23 Core Hits 560 | 5 22 10 . 4 45 28 29 35 . 21 15 49 9 . 26 59 12 41 10 62 43 25 . 6 4 Critical Kills . | . . . . . . . . . . . . . . . . . . . . . . . . . . Critical Parts Destroyed . | . . . . . . . . . . . . . . . . . . . . . . . . . . Critical Strikes 41 | 1 4 . . 1 . 2 1 2 . 4 6 6 1 . 2 . 3 2 3 . 1 . . . 2 Burn 6 | 1 4 . . 1 . . . . . . . . . . . . . . . . . . . . . Blast 5 | . . . . . . 2 1 . . 2 . . . . . . . . . . . . . . . Sever 27 | . . . . . . . . 2 . 2 6 6 1 . 2 . 3 2 3 . . . . . . Impale 3 | . . . . . . . . . . . . . . . . . . . . . 1 . . . 2 Melee Attacks 893 | . . . . . . 22 . 65 2 50 82 82 39 . 117 31 106 37 74 33 69 23 5 30 26 Impact . | . . . . . . . . . . . . . . . . . . . . . . . . . . Slashing 729 | . . . . . . 22 . 44 2 50 82 82 39 . 117 31 106 37 74 33 10 . . . . Piercing 164 | . . . . . . . . 21 . . . . . . . . . . . . 59 23 5 30 26 Sneak Attacks 116 | . . . . . . . . 17 . 17 8 2 10 . 13 1 5 3 15 2 10 1 . 6 6 Combat Hostiles 28 | . . . . . . . . . . 1 1 2 2 . . . . 3 5 1 2 1 . 6 4 Follow-up Attacks . | . . . . . . . . . . . . . . . . . . . . . . . . . . Damage Inflicted 46393 | 346 761 317 . 130 1868 1780 2208 2966 . 1761 1388 4429 1137 . 2965 5507 1701 2656 2122 5048 3950 1927 . 682 744 Guns 4592 | 346 761 266 . 87 1292 957 . 637 . 246 . . . . . . . . . . . . . . . Cannons 1791 | . . 15 . . . 366 1195 159 . 56 . . . . . . . . . . . . . . . Explosions 21353 | . . 36 . 43 576 323 1013 453 . . . 2035 80 . 830 5022 . 2210 . 4607 2497 1628 . . . Melee 18657 | . . . . . . 134 . 1717 . 1459 1388 2394 1057 . 2135 485 1701 446 2122 441 1453 299 . 682 744 Ramming . | . . . . . . . . . . . . . . . . . . . . . . . . . . Kinetic 5668 | 184 448 230 . . 1190 1323 1195 796 . 302 . . . . . . . . . . . . . . . Thermal 1266 | 162 313 51 . 87 102 74 227 . . . . 250 . . . . . . . . . . . . . Explosive 17796 | . . . . . 486 . 363 . . . . 115 80 . 830 4980 . 2210 . 4607 2497 1628 . . . Electromagnetic 3006 | . . 36 . 43 90 249 423 453 . . . 1670 . . . 42 . . . . . . . . . Impact . | . . . . . . . . . . . . . . . . . . . . . . . . . . Slashing 15391 | . . . . . . 134 . 1425 . 1459 1388 2394 1057 . 2135 485 1701 446 2122 441 204 . . . . Piercing 3266 | . . . . . . . . 292 . . . . . . . . . . . . 1249 299 . 682 744 Highest Corruption 18 | . . . . . . 6 6 3 8 8 2 1 4 4 11 9 18 18 . . 3 3 . . . Average Corruption 6 | . . . . . . 5 6 1 3 6 1 1 3 4 8 9 13 18 . . 1 3 . . . Corruption Purged 18 | . . . . . . . . 2 3 2 2 . 2 . 5 . . . . . 2 . . . . Corruption Blocked . | . . . . . . . . . . . . . . . . . . . . . . . . . . Effects 408 | . . . . . . 16 28 20 3 43 10 10 7 2 75 32 97 40 . . 8 17 . . . Message Errors 96 | . . . . . . 3 6 6 1 10 1 4 1 1 14 5 23 15 . . 2 4 . . . Matter Fused 97 | . . . . . . 3 5 4 1 10 4 2 2 . 18 8 26 9 . . 2 3 . . . Heat Flow Errors 45 | . . . . . . 1 4 3 . 3 2 2 . . 7 4 12 3 . . 1 3 . . . Energy Discharges 50 | . . . . . . 4 1 2 . 5 . 1 1 . 9 6 13 3 . . 2 3 . . . Parts Rejected 3 | . . . . . . . . . 1 . . . . . 1 . 1 . . . . . . . . Parts Fused 1 | . . . . . . . . . . . . . . . . . 1 . . . . . . . . Data Loss (minor) 60 | . . . . . . 3 3 3 . 7 3 1 2 1 14 7 11 3 . . 1 1 . . . Data Loss (major) 17 | . . . . . . 1 2 1 . 3 . . 1 . 4 . 1 2 . . . 2 . . . Misfires 8 | . . . . . . . 4 . . 4 . . . . . . . . . . . . . . . Alerts 5 | . . . . . . 1 . . . . . . . . 3 . 1 . . . . . . . . Misdirections 17 | . . . . . . . . . . . . . . . 5 . 8 4 . . . . . . . Weapon Failures 9 | . . . . . . . 3 1 . 1 . . . . . 2 . 1 . . . 1 . . . Overload Shots . | . . . . . . . . . . . . . . . . . . . . . . . . . . Overflow Damage 4000 | . . 1 . . 14 18 112 336 . 196 133 101 206 . 501 347 249 49 652 171 496 209 . 21 188 Projectiles 54 | . . 1 . . . 5 33 15 . . . . . . . . . . . . . . . . . Explosions 727 | . . . . . 14 10 79 13 . . . 29 . . 28 213 . 9 . 120 63 149 . . . Melee 3219 | . . . . . . 3 . 308 . 196 133 72 206 . 473 134 249 40 652 51 433 60 . 21 188 Knockbacks 26 | . . 1 . . . 2 19 3 . 1 . . . . . . . . . . . . . . . Impact . | . . . . . . . . . . . . . . . . . . . . . . . . . . Kinetic 25 | . . 1 . . . 2 18 3 . 1 . . . . . . . . . . . . . . . Secondary 1 | . . . . . . . 1 . . . . . . . . . . . . . . . . . . Self-Inflicted Damage 463 | . . 22 . . 58 23 86 7 . . . 25 59 . . 162 . . . . . 21 . . . Shots 14 | . . 1 . . 1 2 3 1 . . . 1 1 . . 3 . . . . . 1 . . . Rammed . | . . . . . . . . . . . . . . . . . . . . . . . . . . Targets Rammed . | . . . . . . . . . . . . . . . . . . . . . . . . . . Kicked . | . . . . . . . . . . . . . . . . . . . . . . . . . . Crushed . | . . . . . . . . . . . . . . . . . . . . . . . . . . Highest Temperature 354 | 135 243 48 . 156 112 307 293 250 . 236 272 278 37 . 354 312 259 267 113 151 302 237 165 251 125 Average Temperature 51 | 62 73 15 . 72 24 105 84 84 . 22 119 48 22 . 47 43 48 40 42 47 49 52 60 88 38 Received Heat Transfer 2637 | . 153 126 . . 117 491 270 378 . 180 72 198 . . 51 . 252 45 24 102 99 43 . 36 . Effects 5 | . . . . . . . . . . . . . . . 2 . . . . . 1 1 . 1 . Energy Bleed 4 | . . . . . . . . . . . . . . . 2 . . . . . 1 1 . . . Interference 1 | . . . . . . . . . . . . . . . . . . . . . . . . 1 . Siege Activations . | . . . . . . . . . . . . . . . . . . . . . . . . . . Robots Corrupted 7 | . . . . . . 1 1 . . . . 5 . . . . . . . . . . . . . Combat Hostiles 7 | . . . . . . 1 1 . . . . 5 . . . . . . . . . . . . . Parts Fried 14 | . . . . . . . 2 7 . . . 5 . . . . . . . . . . . . . Impact Corruptions . | . . . . . . . . . . . . . . . . . . . . . . . . . . Robots Melted . | . . . . . . . . . . . . . . . . . . . . . . . . . . Combat Hostiles . | . . . . . . . . . . . . . . . . . . . . . . . . . . Parts Melted 11 | 1 4 . . 1 . . . . . . . . . . . . . 1 . . . 1 . 1 2 Heat Transferred 2818 | 555 1221 111 . 259 222 100 100 . . . . 250 . . . . . . . . . . . . . Parts Sabotaged 3 | . . . . . . . . . . . . . 3 . . . . . . . . . . . . Parts Stolen . | . . . . . . . . . . . . . . . . . . . . . . . . . . Parts Stripped . | . . . . . . . . . . . . . . . . . . . . . . . . . . Power Chain Reactions 9 | . . . . . . 1 1 1 . . . 6 . . . . . . . . . . . . . Alert | -11 -10 -10 -10 -9 -8 -8 -8 -7 -7 -7 -6 -6 -5 -5 -5 -5 -5 -5 -4 -4 -3 -3 -2 -2 -1 ------- Run | Yrd Mat Min Exi Min Mat Gar Mat Fac Was Fac Fac Gar Fac Was Fac Gar Fac Gar Fac Gar Res Gar Res Gar Acc Peak Influence 2273 | 20 203 178 . 95 533 1261 672 283 67 127 178 1499 1109 248 348 1699 966 1397 824 2101 1268 2273 1299 1799 1807 Initial 1278 | . 13 73 . . 1 287 614 281 66 4 61 17 786 248 173 185 891 358 732 142 1181 951 1278 974 1079 Average 517 | 9 107 79 . 21 281 791 583 124 47 55 76 797 904 248 185 1154 314 916 207 1375 720 1779 1288 1503 1351 Maximum Alert Level 5 | . 1 . . . 2 4 2 1 . . . 4 4 1 1 5 3 4 3 5 4 5 4 5 5 Low Security (%) 41 | 100 98 100 . 100 24 . . 83 100 100 100 9 . . 54 1 35 . 62 3 . . . . . Level 1 16 | . 1 . . . 57 6 . 16 . . . 8 . 100 45 5 50 4 16 7 22 . . . . Level 2 12 | . . . . . 18 46 100 . . . . 24 2 . . 11 1 20 11 10 23 . . . . Level 3 13 | . . . . . . 18 . . . . . 24 93 . . 18 12 57 9 14 42 2 . 2 10 Level 4 11 | . . . . . . 28 . . . . . 33 4 . . 47 . 17 . 14 11 35 100 57 69 Level 5 5 | . . . . . . . . . . . . . . . . 15 . . . 49 . 61 . 40 20 High Security . | . . . . . . . . . . . . . . . . . . . . . . . . . . Max Security . | . . . . . . . . . . . . . . . . . . . . . . . . . . Squads Dispatched 95 | . 3 1 . . 2 . 5 6 . 3 8 . 6 . 15 . 18 . 12 . 13 . . . 3 Investigation 35 | . 1 1 . . . . 2 1 . . 4 . 2 . 6 . 6 . 7 . 5 . . . . Extermination 21 | . . . . . . . . 3 . 1 3 . 1 . 3 . 4 . 3 . 2 . . . 1 Reinforcement 25 | . 2 . . . 2 . 2 2 . 2 1 . 1 . 2 . 7 . 2 . 2 . . . . Assault 7 | . . . . . . . 1 . . . . . 2 . . . 1 . . . 2 . . . 1 Garrison 7 | . . . . . . . . . . . . . . . 4 . . . . . 2 . . . 1 Intercept . | . . . . . . . . . . . . . . . . . . . . . . . . . . Searches Triggered 2 | . . . . . . . . . . . . . . . . . . . . . 2 . . . . Construction Impeded 3 | . . . . . . . . . . 1 . . . . 1 . . . . . 1 . . . . Haulers Reinforced 1 | . . . . . . . . 1 . . . . . . . . . . . . . . . . . Active Scanning Responses . | . . . . . . . . . . . . . . . . . . . . . . . . . . Cargo Convoy Interrupts 1 | . . . . . . . . . . . . . . . . . 1 . . . . . . . . Alert ID Control Effect 60 | . . . . . . . . . . . . . . . . . . 12 3 6 12 13 . 8 6 Stealth | -11 -10 -10 -10 -9 -8 -8 -8 -7 -7 -7 -6 -6 -5 -5 -5 -5 -5 -5 -4 -4 -3 -3 -2 -2 -1 --------- Run | Yrd Mat Min Exi Min Mat Gar Mat Fac Was Fac Fac Gar Fac Was Fac Gar Fac Gar Fac Gar Res Gar Res Gar Acc Distress Signals 28 | . 1 . . . 1 . 1 2 . 1 2 1 . . 4 . 5 . 2 1 6 . 1 . . Communications Jammed . | . . . . . . . . . . . . . . . . . . . . . . . . . . Distress Signals . | . . . . . . . . . . . . . . . . . . . . . . . . . . Times Spotted 660 | . 19 4 . 4 29 24 24 30 6 15 24 38 29 . 37 13 79 35 39 42 75 34 . 37 23 Peak Tracking Total 19 | . 3 2 . 4 4 5 4 6 6 4 5 6 12 . 6 8 12 16 7 7 19 5 . 5 5 Tactical Retreats 104 | . 2 . . . 4 4 2 2 . 1 7 15 5 . 10 6 15 3 9 3 13 3 . . . Traps | -11 -10 -10 -10 -9 -8 -8 -8 -7 -7 -7 -6 -6 -5 -5 -5 -5 -5 -5 -4 -4 -3 -3 -2 -2 -1 ------- Run | Yrd Mat Min Exi Min Mat Gar Mat Fac Was Fac Fac Gar Fac Was Fac Gar Fac Gar Fac Gar Res Gar Res Gar Acc Traps Triggered 77 | . 2 . . . . 3 4 1 . 2 1 13 5 . 5 8 4 5 2 3 5 8 . 6 . Indirectly 6 | . . . . . . . 2 . . . . 4 . . . . . . . . . . . . . Trap Hack Attempts . | . . . . . . . . . . . . . . . . . . . . . . . . . . Triggered . | . . . . . . . . . . . . . . . . . . . . . . . . . . Disarmed . | . . . . . . . . . . . . . . . . . . . . . . . . . . Reprogrammed 18 | . . . . . . . . 6 . . . . . . . . . . 12 . . . . . . Reused 4 | . . . . . . . . . . . . . . . . . . . 4 . . . . . . Traps Extracted . | . . . . . . . . . . . . . . . . . . . . . . . . . . Installed . | . . . . . . . . . . . . . . . . . . . . . . . . . . Triggered 6 | . . . . . . . . . . . . . . . . . 2 . 4 . . . . . . Machines | -11 -10 -10 -10 -9 -8 -8 -8 -7 -7 -7 -6 -6 -5 -5 -5 -5 -5 -5 -4 -4 -3 -3 -2 -2 -1 ---------- Run | Yrd Mat Min Exi Min Mat Gar Mat Fac Was Fac Fac Gar Fac Was Fac Gar Fac Gar Fac Gar Res Gar Res Gar Acc Machines Disabled 78 | . . . . . 4 11 4 2 . 1 . 8 1 . 3 7 . 9 1 9 1 8 . 7 2 Max in Single Turn 2 | . . . . . 2 2 2 2 . 1 . 2 1 . 1 1 . 1 . 2 1 1 . 2 . Garrison Access 14 | . . . . . . . 1 1 . 1 2 . 1 . 2 . 1 . 2 . 2 . . . 1 Garrison Relay 33 | . . . . . . 6 . . . . . 4 . . . 5 . 4 . 5 . 5 . 4 . Phase Generator 1 | . . . . . . . . . . . . . . . . . . . . . . . . 1 . Machines Repaired . | . . . . . . . . . . . . . . . . . . . . . . . . . . Machines Dismantled . | . . . . . . . . . . . . . . . . . . . . . . . . . . Machines Sabotaged 1 | . . . . . . . . . . . . . . . . . 1 . . . . . . . . Overloaded Fab Kills . | . . . . . . . . . . . . . . . . . . . . . . . . . . Hacking | -11 -10 -10 -10 -9 -8 -8 -8 -7 -7 -7 -6 -6 -5 -5 -5 -5 -5 -5 -4 -4 -3 -3 -2 -2 -1 --------- Run | Yrd Mat Min Exi Min Mat Gar Mat Fac Was Fac Fac Gar Fac Was Fac Gar Fac Gar Fac Gar Res Gar Res Gar Acc Machines Accessed 219 | . 5 2 2 . 12 3 4 14 . 10 30 1 10 . 24 2 27 4 26 3 25 2 1 4 8 Terminals 134 | . 4 1 . . 8 3 2 9 . 5 16 1 6 . 12 2 15 4 16 3 14 2 . 4 7 Fabricators 18 | . . . . . . . . . . . 6 . 2 . 2 . 4 . 2 . 2 . . . . Repair Stations 18 | . . . . . 2 . . 1 . 1 2 . 1 . 4 . 2 . 2 . 3 . . . . Recycling Units 7 | . 1 . . . . . 1 1 . 1 1 . . . . . 2 . . . . . . . . Scanalyzers 17 | . . . . . 1 . . 2 . 2 2 . . . 2 . 2 . 3 . 3 . . . . Garrison Access 22 | . . . . . 1 . 1 1 . 1 3 . 1 . 4 . 2 . 3 . 3 . 1 . 1 Total Hacks 740 | . 13 5 5 . 37 9 11 31 . 21 98 1 28 . 67 5 91 10 141 16 98 5 1 15 32 Successful 398 | . 5 4 5 . 26 4 4 18 . 9 48 1 17 . 37 2 48 4 100 4 47 1 1 4 9 Failed 341 | . 8 1 . . 11 5 7 13 . 12 50 . 11 . 30 3 43 6 40 12 51 4 . 11 23 Catastrophic 65 | . 1 1 . . . . . 1 . 5 8 . 3 . 5 2 10 1 5 . 10 1 . 3 9 Database Lockouts 1 | . . . . . . . . . . . . . . . . . . . 1 . . . . . . Manual 260 | . 10 2 1 . 18 3 7 11 . 9 35 . 19 . 20 2 41 1 40 7 20 . . 5 9 Terminals 495 | . 11 4 . . 27 9 8 22 . 7 62 1 22 . 31 5 61 10 90 16 58 5 . 15 31 Fabricators 38 | . . . . . . . . . . . 13 . 2 . 5 . 8 . 3 . 7 . . . . Repair Stations 65 | . . . . . 6 . . 1 . 2 10 . 2 . 15 . 7 . 10 . 12 . . . . Recycling Units 12 | . 2 . . . . . 2 2 . 2 1 . . . . . 3 . . . . . . . . Scanalyzers 94 | . . . . . 3 . . 5 . 9 9 . . . 10 . 9 . 32 . 17 . . . . Garrison Access 30 | . . . . . 1 . 1 1 . 1 3 . 2 . 6 . 3 . 6 . 4 . 1 . 1 Terminal Hacks 167 | . 1 4 5 . 10 4 1 7 . . 20 1 6 . 10 2 13 4 46 4 19 1 . 4 5 Record 30 | . . 1 4 . 1 . . . . . 2 . . . 1 . . . 17 . 4 . . . . Part Schematic 7 | . . . . . . . . . . . 1 . 1 . . . 1 . 3 . 1 . . . . Robot Analysis 7 | . 1 . . . 1 . . . . . 2 . . . 1 . . . 2 . . . . . . Prototype ID Bank 9 | . . . . . 1 . . 1 . . 2 . . . . . 2 . 2 . 1 . . . . Open Door 6 | . . 1 . . . . . . . . . . . . . . . 1 1 . . 1 . 1 1 Level Access Points 2 | . . . . . . . . 1 . . . . . . . . . . . . 1 . . . . Branch Access Points 4 | . . . . . 1 . . . . . 1 . . . 1 . . . . . . . . . 1 Emergency Access Points 7 | . . . . . . 2 . . . . . 1 . . . 1 . 1 . 1 . . . 1 . Machine Index 1 | . . . . . . . . . . . . . . . . . . . 1 . . . . . . Terminal Index 6 | . . . . . . . . 1 . . 1 . 1 . . . 1 . 1 . 1 . . . . Repair Station Index 3 | . . . . . 1 . . . . . . . . . 1 . . . . . . . . . 1 Scanalyzer Index 1 | . . . . . . . . . . . 1 . . . . . . . . . . . . . . Garrison Index 4 | . . . . . . . . . . . 1 . . . . . . . 1 . 1 . . . 1 Alert Level 1 | . . . . . 1 . . . . . . . . . . . . . . . . . . . . Unreport Threat 23 | . . . . . . . 1 1 . . 1 . 3 . 3 . 5 . 3 . 5 . . . 1 Locate Traps 14 | . . . . . 2 . . 1 . . 3 . . . 2 . 2 . 3 . 1 . . . . Reprogram Traps 3 | . . . . . . . . 1 . . . . . . . . . . 2 . . . . . . Dispatch Records 2 | . . 1 . . . . . 1 . . . . . . . . . . . . . . . . . Maintenance Status 1 | . . . . . . . . . . . . . . . . . . . . . 1 . . . . Patrol Status 1 | . . . . . . . . . . . . . . . . . . . 1 . . . . . . Transport Status 1 | . . . . . . . . . . . . . . . . . . . . . 1 . . . . Investigation Status 1 | . . . . . . . . . . . 1 . . . . . . . . . . . . . . Recall Investigation 6 | . . . . . 1 . . . . . 1 . . . . . . . 4 . . . . . . Recall Extermination 1 | . . . . . . . . . . . . . . . . . . . 1 . . . . . . Recall Reinforcements 6 | . . . . . . . . . . . 1 . . . 1 . . . 3 . 1 . . . . Recall Assault 2 | . . . . . 1 . . . . . . . . . . . . . . . 1 . . . . Hauler Manifests 4 | . . . . . . . . . . . 1 . 1 . . . 1 . 1 . . . . . . Registered Prototypes 1 | . . . . . . . . . . . 1 . . . . . . . . . . . . . . Zone Layout 2 | . . 1 . . . . . . . . . . . . . . 1 . . . . . . . . Garrison Registry 2 | . . . . . . . . . . . . . . . . . . . . 1 . . . 1 . Patrol Navigation 5 | . . . . . . 1 . . . . . . . . . 1 . 1 . 1 . . . 1 . Security Stations 3 | . . . . . . 1 . . . . . . . . . . . 1 . 1 . . . . . Derelict Proto ID Bank 1 | . . . 1 . . . . . . . . . . . . . . . . . . . . . . Fabricator Hacks 13 | . . . . . . . . . . . . . . . 2 . 6 . 2 . 3 . . . . Network Status 1 | . . . . . . . . . . . . . . . . . 1 . . . . . . . . Load Schematic 7 | . . . . . . . . . . . . . . . 1 . 3 . 1 . 2 . . . . Build 5 | . . . . . . . . . . . . . . . 1 . 2 . 1 . 1 . . . . Repair Station Hacks 48 | . . . . . 6 . . . . 2 8 . 1 . 11 . 5 . 8 . 7 . . . . Scan Component 26 | . . . . . 3 . . . . 1 4 . 1 . 6 . 3 . 4 . 4 . . . . Repair 22 | . . . . . 3 . . . . 1 4 . . . 5 . 2 . 4 . 3 . . . . Recycling Unit Hacks 1 | . . . . . . . . 1 . . . . . . . . . . . . . . . . . Report Inventory 1 | . . . . . . . . 1 . . . . . . . . . . . . . . . . . Scanalyzer 65 | . . . . . 3 . . 4 . 5 4 . . . 4 . 6 . 30 . 9 . . . . Insert Component 38 | . . . . . 2 . . 4 . 4 4 . . . 2 . 4 . 11 . 7 . . . . Analyze 27 | . . . . . 1 . . . . 1 . . . . 2 . 2 . 19 . 2 . . . . Garrison Access Hacks 28 | . . . . . 1 . 1 1 . 1 3 . 2 . 4 . 3 . 6 . 4 . 1 . 1 Unlock Access 8 | . . . . . 1 . . . . . 1 . . . 1 . 1 . 1 . 1 . 1 . 1 Seal Access 13 | . . . . . . . 1 1 . 1 2 . 1 . 2 . 1 . 2 . 2 . . . . Coupler Status 7 | . . . . . . . . . . . . . 1 . 1 . 1 . 3 . 1 . . . . Unauthorized Hacks 76 | . 4 . . . 6 . 2 5 . 1 13 . 8 . 6 . 15 . 8 . 5 . . . 3 Terminals 60 | . 3 . . . 6 . 1 4 . 1 8 . 6 . 4 . 12 . 7 . 5 . . . 3 Track 1 | . . . . . . . . . . . . . . . . . 1 . . . . . . . . Assimilate 16 | . . . . . 2 . . 1 . 1 5 . 1 . 1 . 2 . 2 . 1 . . . . Botnet 33 | . 3 . . . 3 . 1 2 . . 2 . 4 . 2 . 7 . 4 . 3 . . . 2 Operators 9 | . . . . . 1 . . 1 . . 1 . 1 . 1 . 1 . 1 . 1 . . . 1 Sabotage 1 | . . . . . . . . . . . . . . . . . 1 . . . . . . . . Fabricators 10 | . . . . . . . . . . . 5 . 2 . 1 . 1 . 1 . . . . . . Report 10 | . . . . . . . . . . . 5 . 2 . 1 . 1 . 1 . . . . . . Repair Stations . | . . . . . . . . . . . . . . . . . . . . . . . . . . Recycling Units 5 | . 1 . . . . . 1 1 . . . . . . . . 2 . . . . . . . . Reject 5 | . 1 . . . . . 1 1 . . . . . . . . 2 . . . . . . . . Scanalyzers . | . . . . . . . . . . . . . . . . . . . . . . . . . . Garrison Access 1 | . . . . . . . . . . . . . . . 1 . . . . . . . . . . Eject 1 | . . . . . . . . . . . . . . . 1 . . . . . . . . . . Data Cores Recovered 4 | . . . . . . . . . . . . . 1 . 2 . . . . . 1 . . . . Used 2 | . . . . . . . . . . . . . . . 1 . . . . . 1 . . . . Hacking Detections 175 | . 4 1 . . 10 3 3 12 . 7 25 . 8 . 20 2 20 3 21 3 22 1 . 3 7 Full Trace Events 30 | . 1 . . . . . 1 1 . . 4 . 1 . 4 1 4 . 7 1 4 1 . . . Feedback Events 5 | . . . . . . . . . . . 1 . . . 1 . 1 . 1 . 1 . . . . Corruption 1 | . . . . . . . . . . . . . . . . . 1 . . . . . . . . Hackware Fried 4 | . . . . . . . . . . . 1 . . . 1 . . . 1 . 1 . . . . Feedback Blocked 1 | . . . . . . . . . . . 1 . . . . . . . . . . . . . . Robot Schematics Acquired . | . . . . . . . . . . . . . . . . . . . . . . . . . . Robots Built . | . . . . . . . . . . . . . . . . . . . . . . . . . . Authchips . | . . . . . . . . . . . . . . . . . . . . . . . . . . Time . | . . . . . . . . . . . . . . . . . . . . . . . . . . Total Robot Build Rating . | . . . . . . . . . . . . . . . . . . . . . . . . . . Part Schematics Acquired 23 | . . . . . 1 . . . . 1 1 . 1 . 1 . 3 . 12 . 3 . . . . Parts Built 5 | . . . . . . . . . . . . . . . 1 . 2 . 1 . 1 . . . . Authchips . | . . . . . . . . . . . . . . . . . . . . . . . . . . Time 355 | . . . . . . . . . . . . . . . 64 . 168 . 76 . 47 . . . . Total Part Build Rating 30 | . . . . . . . . . . . . . . . 8 . 12 . 5 . 5 . . . . Parts Repaired 22 | . . . . . 3 . . . . 1 4 . . . 5 . 2 . 4 . 3 . . . . Time 1027 | . . . . . 108 . . . . 32 254 . . . 220 . 120 . 154 . 139 . . . . Parts Recycled . | . . . . . . . . . . . . . . . . . . . . . . . . . . Recycled Matter . | . . . . . . . . . . . . . . . . . . . . . . . . . . Retrieved Matter . | . . . . . . . . . . . . . . . . . . . . . . . . . . Retrieved Components . | . . . . . . . . . . . . . . . . . . . . . . . . . . Parts Scanalyzed 21 | . . . . . 1 . . . . 2 2 . . . 2 . 2 . 9 . 3 . . . . Part Schematics Acquired 16 | . . . . . 1 . . . . 1 . . . . 1 . 2 . 9 . 2 . . . . Parts Damaged 4 | . . . . . . . . . . . 1 . . . . . 1 . 2 . . . . . . Bothacking | -11 -10 -10 -10 -9 -8 -8 -8 -7 -7 -7 -6 -6 -5 -5 -5 -5 -5 -5 -4 -4 -3 -3 -2 -2 -1 ------------ Run | Yrd Mat Min Exi Min Mat Gar Mat Fac Was Fac Fac Gar Fac Was Fac Gar Fac Gar Fac Gar Res Gar Res Gar Acc Used RIF Installer 7 | . . . . . . 1 . . . . . 1 . . . 1 . 1 . 1 . 1 . 1 . Coupler Efficiency 2 | . . . . . . . . . . . . 1 . . . . . . . 1 . . . . . Hotswap 1 | . . . . . . . . . . . . . . . . . . . . . . . . 1 . Command Fork 1 | . . . . . . . . . . . . . . . . . . 1 . . . . . . . Zone Cloak 1 | . . . . . . . . . . . . . . . . . . . . . . 1 . . . Alert ID Control 1 | . . . . . . . . . . . . . . . . 1 . . . . . . . . . Robots Hacked 164 | . . . . . . . . 6 . 1 2 2 7 . 11 . 15 20 19 10 23 11 4 24 9 Non-combat 43 | . . . . . . . . 1 . 1 1 . 4 . 9 . 7 . 8 . 7 . 4 . 1 Combat 121 | . . . . . . . . 5 . . 1 2 3 . 2 . 8 20 11 10 16 11 . 24 8 Robot Hacks Applied 187 | . . . . . . . . 6 . 2 2 2 7 . 12 . 16 20 23 12 30 11 5 24 15 generate_anomaly 1 | . . . . . . . . . . . . . . . 1 . . . . . . . . . . find_chute 4 | . . . . . . . . 1 . . . . 1 . . . . . 2 . . . . . . deconstruct_machine 1 | . . . . . . . . . . . . . 1 . . . . . . . . . . . . ignore_repairs 6 | . . . . . . . . . . . . . . . . . . . . . 1 . 5 . . find_fabricator 4 | . . . . . . . . . . . . . . . . . . . 2 . 2 . . . . drop_inventory 21 | . . . . . . . . . . 1 1 . 1 . 4 . 5 . 4 . 5 . . . . locate_stockpiles 1 | . . . . . . . . . . 1 . . . . . . . . . . . . . . . find_recycling 2 | . . . . . . . . . . . . . 1 . 1 . . . . . . . . . . deconstruct_bot 1 | . . . . . . . . . . . . . . . 1 . . . . . . . . . . purge_threat 7 | . . . . . . . . . . . . . . . 1 . . . 1 . 2 . . . 3 locate_traps 1 | . . . . . . . . . . . . . . . . . . . . . . . . . 1 disarm_traps 3 | . . . . . . . . . . . . . . . . . . . 1 . 2 . . . . reprogram_traps 1 | . . . . . . . . . . . . . . . . . 1 . . . . . . . . block_reporting 4 | . . . . . . . . . . . . . . . 1 . . . 1 . 1 . . . 1 find_shortcuts 2 | . . . . . . . . . . . . . . . . . . . . 1 . . . . 1 find_garrison 1 | . . . . . . . . . . . . . . . . . . . . . . . . . 1 disrupt_area 1 | . . . . . . . . . . . . . . . . . 1 . . . . . . . . spike_heat 1 | . . . . . . . . . . . . . . . . . . . . . . 1 . . . overload_power 5 | . . . . . . . . 1 . . . . . . . . 2 2 . . . . . . . wipe_record 1 | . . . . . . . . . . . . . . . . . . . . 1 . . . . . reboot_system 13 | . . . . . . . . . . . . . . . . . . . 2 1 2 1 . 5 2 overwrite_iff 19 | . . . . . . . . 3 . . . . 1 . . . 1 6 . 1 . 2 . 2 3 formatsys_low 2 | . . . . . . . . . . . . . . . . . . . 1 . 1 . . . . formatsys_high 85 | . . . . . . . . 1 . . 1 2 2 . 3 . 6 12 9 8 14 7 . 17 3 Relay Couplers Released 140 | . . . . . . 26 . . . 3 . 14 . . 4 18 . 16 . 19 . 22 . 15 3 Ejected 4 | . . . . . . . . . . . . . . . 4 . . . . . . . . . . Machine Destruction 133 | . . . . . . 26 . . . . . 14 . . . 18 . 16 . 19 . 22 . 15 3 Programmers 3 | . . . . . . . . . . 3 . . . . . . . . . . . . . . . Attached 52 | . . . . . . . . 2 . 1 1 1 2 . 3 1 3 9 2 9 4 6 . 6 2 Fabnet Peak Effective % . | . . . . . . . . . . . . . . . . . . . . . . . . . . Robots Rewired 7 | . . . . . . . . . . . . . . . . . . 2 . . . 5 . . . Allies Hacked 4 | . . . . . . . . . . . . . . . . . 2 . . . 1 . . . 1 Hacks Repelled 1 | . . . . . . . . . . . . . . . . . . . . . . . . 1 . Allies | -11 -10 -10 -10 -9 -8 -8 -8 -7 -7 -7 -6 -6 -5 -5 -5 -5 -5 -5 -4 -4 -3 -3 -2 -2 -1 -------- Run | Yrd Mat Min Exi Min Mat Gar Mat Fac Was Fac Fac Gar Fac Was Fac Gar Fac Gar Fac Gar Res Gar Res Gar Acc Total Allies 150 | . . . . 1 2 . . 5 . 1 5 4 4 . 4 . 8 22 13 11 20 17 . 24 9 Largest Group 23 | . . . . 1 1 . . 1 . 1 4 3 4 . 2 . 5 10 11 9 23 15 14 23 23 Highest-Rated Group 1334 | . . . . 31 31 . . 32 . 26 94 175 92 . 163 . 150 413 360 518 1253 896 878 1334 1310 Highest-Rated Ally 148 | . . . . 31 31 . . 32 . 26 32 95 29 . 137 . 41 85 56 116 137 148 148 148 148 Total Orders 197 | . . . . . 1 . . 1 . . 5 14 2 . 6 . 5 14 25 30 34 12 5 31 12 STAY 117 | . . . . . 1 . . 1 . . 3 7 2 . 4 . 4 8 16 19 25 8 3 10 6 ROAM 1 | . . . . . . . . . . . . . . . 1 . . . . . . . . . . FOLLOW 77 | . . . . . . . . . . . 2 7 . . 1 . 1 6 8 10 9 4 2 21 6 GUARD 1 | . . . . . . . . . . . . . . . . . . . . 1 . . . . . AID 1 | . . . . . . . . . . . . . . . . . . . 1 . . . . . . Ally Attacks 768 | . . . . 7 4 . . 12 . . . 31 22 . 26 . 21 102 33 53 148 85 . 107 117 Total Damage 23078 | . . . . 130 44 . . 262 . . . 971 361 . 1393 . 428 2601 1008 1500 5076 2517 . 3361 3426 Kills 142 | . . . . 2 1 . . 1 . . . 8 3 . 7 . 2 17 4 11 29 20 . 18 19 Allies Corrupted 5 | . . . . . . . . . . . . . . . . . 1 . . . 3 . . 1 . Allies Melted . | . . . . . . . . . . . . . . . . . . . . . . . . . . Intel | -11 -10 -10 -10 -9 -8 -8 -8 -7 -7 -7 -6 -6 -5 -5 -5 -5 -5 -5 -4 -4 -3 -3 -2 -2 -1 ------- Run | Yrd Mat Min Exi Min Mat Gar Mat Fac Was Fac Fac Gar Fac Was Fac Gar Fac Gar Fac Gar Res Gar Res Gar Acc Robot Analysis Total 7 | . 1 . . . 1 . . . . . 2 . . . 1 . . . 2 . . . . . . Derelict Logs Recovered 2 | . . 1 . 1 . . . . . . . . . . . . . . . . . . . . . Drone Launches . | . . . . . . . . . . . . . . . . . . . . . . . . . . Drone Recoveries . | . . . . . . . . . . . . . . . . . . . . . . . . . . Exploration | -11 -10 -10 -10 -9 -8 -8 -8 -7 -7 -7 -6 -6 -5 -5 -5 -5 -5 -5 -4 -4 -3 -3 -2 -2 -1 ------------- Run | Yrd Mat Min Exi Min Mat Gar Mat Fac Was Fac Fac Gar Fac Was Fac Gar Fac Gar Fac Gar Res Gar Res Gar Acc Turns Passed 29326 | 141 757 669 419 421 1229 1338 1017 2755 122 1426 2299 1794 704 121 2252 1041 2370 881 1970 944 2398 838 83 643 694 Spaces Moved 41114 | 66 568 636 417 351 1416 604 400 2106 138 2067 3760 1549 1416 300 3649 1258 4014 1519 4699 1713 4572 1386 133 1232 1145 Core 173 | 8 20 . . . . . . . 56 89 . . . . . . . . . . . . . . . Treads 771 | . . . . . . 441 330 . . . . . . . . . . . . . . . . . . Legs 87 | . . . . . . 87 . . . . . . . . . . . . . . . . . . . Wheels 4378 | 58 548 636 417 351 . . . 1869 80 419 . . . . . . . . . . . . . . . Hover 35272 | . . . . . 1416 76 70 237 2 1126 3760 1549 1416 300 3649 1258 4014 1519 4699 1713 4572 1386 133 1232 1145 Flight 433 | . . . . . . . . . . 433 . . . . . . . . . . . . . . . Fastest Speed 14 | 50 80 90 90 105 45 45 155 80 42 34 24 24 28 31 23 18 15 14 15 14 15 16 20 18 20 Average Speed 42 | 85 99 90 100 105 45 164 170 104 69 51 35 55 35 32 29 35 30 30 23 24 26 28 20 21 23 Slowest Speed 350 | 100 250 105 105 105 105 240 240 191 350 108 43 162 89 38 100 92 95 83 88 77 84 81 28 80 85 Overloaded Moves 547 | . . . . . . . . . 2 . 6 11 5 . . 34 192 54 90 45 80 26 . 2 . Propulsion Burnouts . | . . . . . . . . . . . . . . . . . . . . . . . . . . Robots Hopped 3 | . . . . . . . . . . 3 . . . . . . . . . . . . . . . Cave-ins Triggered . | . . . . . . . . . . . . . . . . . . . . . . . . . . Exploration Rate (%) 68 | 4 86 98 89 54 76 49 30 58 98 64 75 96 40 96 70 92 80 96 70 96 70 84 3 90 15 Regions Visited 25 Branch Regions 3 Pre-discovered Areas 2 | . . 1 1 . . . . . . . . . . . . . . . . . . . . . . Known Exits Taken 10 | . 1 . . 1 1 . . . . 1 1 . . . 1 . 1 . 1 . 1 . 1 . . Unknown Exits Taken 4 | 1 . 1 1 . . . 1 . . . . . . . . . . . . . . . . . . Scrap Searched 2 | . . 1 . 1 . . . . . . . . . . . . . . . . . . . . . Spaces Dug 355 | . . . . . . . 1 20 2 8 39 13 15 . 61 . 57 . 29 4 45 6 5 46 4 Terrain Destroyed 1754 | . . . . . 87 . 97 24 2 11 39 74 21 . 83 199 57 196 29 325 131 229 5 141 4 Melee 302 | . . . . . . . . 19 2 8 39 2 15 . 53 . 57 . 29 4 45 6 5 14 4 Projectile 24 | . . . . . . . 20 1 . 3 . . . . . . . . . . . . . . . AOE 1428 | . . . . . 87 . 77 4 . . . 72 6 . 30 199 . 196 . 321 86 223 . 127 . Terrain Rammed . | . . . . . . . . . . . . . . . . . . . . . . . . . . Walls Destroyed . | . . . . . . . . . . . . . . . . . . . . . . . . . . Machines Disabled . | . . . . . . . . . . . . . . . . . . . . . . . . . . Actions | -11 -10 -10 -10 -9 -8 -8 -8 -7 -7 -7 -6 -6 -5 -5 -5 -5 -5 -5 -4 -4 -3 -3 -2 -2 -1 --------- Run | Yrd Mat Min Exi Min Mat Gar Mat Fac Was Fac Fac Gar Fac Was Fac Gar Fac Gar Fac Gar Res Gar Res Gar Acc Total 50880 | 105 665 697 419 393 1889 815 628 2479 159 2338 4593 2356 1557 326 4617 1804 5001 1847 5425 2122 5627 1768 179 1547 1524 Wait 6081 | . 15 28 . 30 321 46 124 138 13 65 658 517 36 . 662 311 734 142 476 214 819 227 30 177 298 Move 41085 | 65 567 635 416 350 1415 603 399 2106 137 2060 3759 1548 1416 299 3649 1257 4013 1517 4699 1712 4571 1385 132 1231 1144 Hop 3 | . . . . . . . . . . 3 . . . . . . . . . . . . . . . Pick Up 462 | 9 13 3 1 . 23 28 4 33 2 45 24 25 16 7 39 21 36 7 39 19 33 15 1 11 8 Fast Attach 91 | . 1 2 . . 1 1 4 13 . 18 7 3 5 5 9 2 1 1 4 3 4 3 2 1 1 Attach 277 | 7 2 . 1 . 13 16 4 11 2 18 7 18 16 1 20 25 30 16 31 9 17 4 1 2 6 Detach 83 | . . . . . 2 1 . . . 5 1 2 1 . 6 18 10 13 9 5 4 2 . . 4 Swap 376 | 2 8 5 . 1 27 11 9 30 2 24 24 8 9 2 37 7 28 15 38 21 32 11 . 14 11 Drop 334 | . 9 6 1 1 18 10 5 26 1 34 27 26 8 12 25 21 20 2 23 12 20 14 1 6 6 Fire 878 | 22 50 18 . 11 69 71 79 57 . 16 4 74 11 . 26 46 23 51 31 56 58 36 7 42 20 Melee 893 | . . . . . . 22 . 65 2 50 82 82 39 . 117 31 106 37 74 33 69 23 5 30 26 Ram 1 | . . . . . . . . . . . . . . . 1 . . . . . . . . . . Kick . | . . . . . . . . . . . . . . . . . . . . . . . . . . Crush . | . . . . . . . . . . . . . . . . . . . . . . . . . . Escape Stasis 281 | . . . . . . 6 . . . . . 53 . . 26 65 . 40 . 37 . 22 . 32 . Rewire 35 | . . . . . . . . . . . . . . . . . . 6 1 1 . 26 . 1 . Trap . | . . . . . . . . . . . . . . . . . . . . . . . . . . Miscellaneous . | . . . . . . . . . . . . . . . . . . . . . . . . . . Route ------- -11/Scrapyard -10/Materials (discovered 4 exits: *Mat x2 / *Min x2) -10/Mines (discovered 3 exits: *Mat x2 / *Exi) -10/Exiles (discovered 2 exits: [*Min x2]) -9/Mines (discovered 2 exits: *Mat x2) -8/Materials (discovered 4 exits: *Fac x3 / Gar) -8/Garrison -8/Materials -7/Factory (discovered 5 exits: *Fac x4 / [*Low]) -7/Waste -7/Factory (discovered 4 exits: *Fac x3 / [*Low]) -6/Factory (discovered 6 exits: *Fac x3 / *Low x2 / Gar) -6/Garrison (discovered 3 exits: *Fac x3) -5/Factory (discovered 2 exits: *Fac x2) -5/Waste -5/Factory (discovered 5 exits: *Fac x2 / *Upp x2 / Gar) -5/Garrison (discovered 3 exits: *Fac x3) -5/Factory (discovered 6 exits: *Fac x4 / *Upp / Gar) -5/Garrison (discovered 3 exits: *Fac x3) -4/Factory (discovered 5 exits: *Res / [*Upp x2] / [*Ext] / Gar) -4/Garrison (discovered 3 exits: *Res x3) -3/Research (discovered 7 exits: *Res x3 / [*Arm] / [*Tes x2] / Gar) -3/Garrison (discovered 3 exits: *Res x3) -2/Research -2/Garrison (discovered 3 exits: *Acc x3) -1/Access (discovered 2 exits: [*Sur] / Com) To Epsilon Eridani History --------- Turn | Location | Event 28 | -11/Scrapyard | Discovered new exit (range 15) 142 | -11/Scrapyard | Entered Materials 309 | -10/Materials | Build established: Mutant 420 | -10/Materials | Discovered new exit (range 16) 441 | -10/Materials | Identified exit to Mines 614 | -10/Materials | Discovered new exit (range 16) 635 | -10/Materials | Identified exit to Materials 728 | -10/Materials | Discovered exit to Materials (range 16) 885 | -10/Materials | Discovered exit to Mines (range 11) 899 | -10/Materials | Entered Mines 900 | -10/Mines | Learned location of Storage (-9) 961 | -10/Mines | Core integrity fell below 50% 1031 | -10/Mines | Met a Derelict shopkeep closing up shop 1182 | -10/Mines | Discovered exit to Materials (range 10) 1183 | -10/Mines | Learned Materials terminal intel 1299 | -10/Mines | Discovered exit to Materials (range 3) 1336 | -10/Mines | Deemed a non-threat by the Exiles lab entrance 1412 | -10/Mines | A weapon hastily lodged in a ceiling crevice suddenly fell to the ground 1564 | -10/Mines | Discovered new exit (range 5) 1568 | -10/Mines | Entered Exiles 1581 | -10/Exiles | Discovered new exit (range 15) 1604 | -10/Exiles | Met 8R-AWN 1618 | -10/Exiles | Met EX-HEX 1647 | -10/Exiles | Met EX-BIN 1658 | -10/Exiles | Aligned with FarCom system 1659 | -10/Exiles | Given EX-Vault access code 1687 | -10/Exiles | Opened EX-Vault 1693 | -10/Exiles | Found Superbattery 1716 | -10/Exiles | Warned to stay clear of 0b10 Research branches 1746 | -10/Exiles | Met EX-DEC 1809 | -10/Exiles | Visited The Gauntlet 1931 | -10/Exiles | Learned location of Zion (-6) 1975 | -10/Exiles | Discovered new exit (range 14) 1987 | -10/Exiles | Left Exiles lab with Superbattery 1987 | -10/Exiles | Entered Mines 2094 | -9/Mines | Identified exit to Materials 2128 | -9/Mines | Discovered exit to Materials (range 8) 2191 | -9/Mines | Received a Mining Laser from a helpful Derelict 2288 | -9/Mines | Build established: Skirmisher 2327 | -9/Mines | Found a damaged Exp. Sensor Array with a note attached 2337 | -9/Mines | Assembled infested the area 2342 | -9/Mines | Assisted by a Guerilla fighting off Assembled 2408 | -9/Mines | Entered Materials 2408 | -8/Materials | Accompanied by 1 ally 2408 | -8/Materials | Evolved 4 slots: Propulsion x2, Utility x2 2409 | -8/Materials | Loaded intel: 12 terminal locations 2519 | -8/Materials | Discovered new exit (range 16) 2746 | -8/Materials | Build established: Scavenger-Mutant 2804 | -8/Materials | Discovered new exit (range 15) 2871 | -8/Materials | Repaired Shock Bomb Launcher 3267 | -8/Materials | Discovered new exit (range 4) 3468 | -8/Materials | Repaired Imp. Hover Unit 3508 | -8/Materials | Repaired Minigun 3636 | -8/Materials | Identified exit to Garrison 3637 | -8/Materials | Entered Garrison 3639 | -8/Garrison | Learned Materials security intel 3673 | -8/Garrison | Triggered checkpoint 3783 | -8/Garrison | Lost 4 parts (1p2n1u) 3875 | -8/Garrison | Garrison Relay disabled 3910 | -8/Garrison | Installed Relay Interface Framework 4084 | -8/Garrison | Triggered checkpoint 4280 | -8/Garrison | Discovered new exit (range 4) 4337 | -8/Garrison | Core integrity fell below 50% 4368 | -8/Garrison | Garrison Relay disabled 4374 | -8/Garrison | Garrison Relay disabled 4383 | -8/Garrison | Lost 4 parts (1p2n1u) 4400 | -8/Garrison | Garrison Relay disabled 4408 | -8/Garrison | Garrison Relay disabled 4509 | -8/Garrison | Triggered checkpoint 4692 | -8/Garrison | Garrison Relay disabled 4975 | -8/Garrison | Entered Materials 5522 | -8/Materials | Discovered new exit (range 8) 5583 | -8/Materials | Build established: Hacker-Mutant 5775 | -8/Materials | First assault squad dispatched 5829 | -8/Materials | Core integrity fell below 20% 5992 | -8/Materials | Entered Factory 5992 | -7/Factory | Evolved 2 slots: Propulsion x2 6657 | -7/Factory | Discovered new exit (range 13) 7220 | -7/Factory | Discovered new exit (range 8) 7225 | -7/Factory | Build established: Bothacker-Mutant 7296 | -7/Factory | Identified exit to Factory 7939 | -7/Factory | Lost 3 parts (3n) 8185 | -7/Factory | Discovered new exit (range 12) 8256 | -7/Factory | Build established: Scavenger-Mutant 8353 | -7/Factory | Lost 3 parts (2n1w) 8747 | -7/Factory | Sucked down chute 8747 | -7/Factory | Entered Waste 8754 | -7/Waste | Spotted C-40 Crusher 8762 | -7/Waste | EMP discharged 8775 | -7/Waste | Spotted C-40 Crusher 8797 | -7/Waste | Spotted C-40 Crusher 8799 | -7/Waste | Spotted C-40 Crusher 8812 | -7/Waste | Spotted C-40 Crusher 8815 | -7/Waste | Spotted C-40 Crusher 8826 | -7/Waste | Crushed by Compactor (1 part destroyed, 2 dropped) 8826 | -7/Waste | Crushed by Compactor (1 part destroyed, 2 dropped) 8842 | -7/Waste | Crushed by Compactor (1 part destroyed, 2 dropped) 8842 | -7/Waste | Released all parts (1) 8843 | -7/Waste | Core integrity fell below 50% 8862 | -7/Waste | EMP discharged 8863 | -7/Waste | Discovered new exit (range 10) 8869 | -7/Waste | Entered Factory 8873 | -7/Factory | Lost 6 parts (4n1u1w) 8950 | -7/Factory | Discovered exit to Factory (range 11) 9322 | -7/Factory | Discovered exit to Factory (range 5) 9912 | -7/Factory | Lost 3 parts (2n1w) 9991 | -7/Factory | Discovered new exit (range 15) 10237 | -7/Factory | Repaired Imp. Hover Unit 10239 | -7/Factory | Discovered exit to Factory (range 13) 10295 | -7/Factory | Entered another Factory area 10295 | -6/Factory | Accompanied by 1 ally 10295 | -6/Factory | Evolved 2 slots: Propulsion x1, Utility x1 10350 | -6/Factory | Discovered new exit (range 9) 10536 | -6/Factory | Identified exit to Lower Caves 10767 | -6/Factory | Discovered new exit (range 7) 10820 | -6/Factory | Found Launcher Loader 10838 | -6/Factory | Build established: Hacker-Sprinter 11285 | -6/Factory | Build established: Hacker-Mutant 11286 | -6/Factory | Spotted B-75 Beast 11934 | -6/Factory | Discovered new exit (range 10) 12117 | -6/Factory | Imp. System Shield fried by hacking feedback 12324 | -6/Factory | Repaired Cld. Airjet 12331 | -6/Factory | Repaired Cld. Airjet 12381 | -6/Factory | Repaired Remote Datajack 12395 | -6/Factory | Repaired Cld. Airjet 12591 | -6/Factory | Identified exit to Garrison 12594 | -6/Factory | Entered Garrison 12594 | -6/Garrison | Accompanied by 3 allies 12773 | -6/Garrison | Triggered checkpoint 12889 | -6/Garrison | Spotted B-75 Beast 12890 | -6/Garrison | Triggered checkpoint 12894 | -6/Garrison | Triggered checkpoint 12964 | -6/Garrison | Build established: Mutant 12979 | -6/Garrison | Lost 3 allies 13346 | -6/Garrison | Destroyed B-75 Beast 13352 | -6/Garrison | Triggered checkpoint 13432 | -6/Garrison | Spotted B-75 Beast 13463 | -6/Garrison | Triggered checkpoint 13695 | -6/Garrison | Expanded RIF knowledge: Coupler Efficiency 13700 | -6/Garrison | Triggered checkpoint 13722 | -6/Garrison | Garrison Relay disabled 13761 | -6/Garrison | Discovered new exit (range 11) 13794 | -6/Garrison | Triggered checkpoint 13924 | -6/Garrison | Discovered new exit (range 10) 14012 | -6/Garrison | Triggered checkpoint 14052 | -6/Garrison | Garrison Relay disabled 14107 | -6/Garrison | Triggered checkpoint 14177 | -6/Garrison | Discovered new exit (range 7) 14186 | -6/Garrison | Found embedded Infiltrators 14225 | -6/Garrison | Garrison Relay disabled 14388 | -6/Garrison | Entered Factory 14388 | -5/Factory | Evolved 2 slots: Utility x2 14599 | -5/Factory | Discovered new exit (range 16) 14648 | -5/Factory | Discovered new exit (range 12) 14688 | -5/Factory | First assault squad dispatched 15092 | -5/Factory | Sucked down chute 15092 | -5/Factory | Entered Waste 15092 | -5/Waste | The area was eerily silent 15094 | -5/Waste | Found Prototype Processor 15094 | -5/Waste | Identified Spectral Analyzer 15192 | -5/Waste | Found Broken Adv. Powered Armor 15201 | -5/Waste | Discovered new exit (range 13) 15213 | -5/Waste | Entered Factory 15298 | -5/Factory | System Shield fried by hacking feedback 15409 | -5/Factory | Garrison activated, responded to threat 15564 | -5/Factory | Identified exit to Upper Caves 15689 | -5/Factory | Repaired Cld. Airjet 15745 | -5/Factory | Repaired Launcher Loader 15761 | -5/Factory | Spotted B-75 Beast 15797 | -5/Factory | Repaired Imp. Proton Missile Launcher? 15825 | -5/Factory | Fabricated Adv. Powered Armor? 15844 | -5/Factory | Garrison activated, responded to threat 15851 | -5/Factory | System corruption reached 10% 16161 | -5/Factory | Discovered new exit (range 9) 16542 | -5/Factory | Discovered new exit (range 15) 17112 | -5/Factory | Repaired Imp. Gravmag System 17139 | -5/Factory | Repaired Cloaking Device 17465 | -5/Factory | Identified exit to Garrison 17465 | -5/Factory | Entered Garrison 17535 | -5/Garrison | Triggered checkpoint 17560 | -5/Garrison | Garrison Relay disabled 17603 | -5/Garrison | Triggered checkpoint 17612 | -5/Garrison | Triggered checkpoint 17636 | -5/Garrison | Destroyed 8 combat bots 17743 | -5/Garrison | Build established: Hacker-Mutant 17778 | -5/Garrison | Destroyed B-75 Beast 17806 | -5/Garrison | Triggered checkpoint 17830 | -5/Garrison | Destroyed 12 combat bots 17890 | -5/Garrison | Garrison Relay disabled 17949 | -5/Garrison | Discovered new exit (range 11) 17986 | -5/Garrison | Discovered new exit (range 8) 17989 | -5/Garrison | Triggered checkpoint 17991 | -5/Garrison | Garrison Relay disabled 18033 | -5/Garrison | Discovered new exit (range 13) 18100 | -5/Garrison | Garrison Relay disabled 18133 | -5/Garrison | Spotted B-75 Beast 18275 | -5/Garrison | Garrison Relay disabled 18297 | -5/Garrison | Expanded RIF knowledge: Alert ID Control 18405 | -5/Garrison | Triggered checkpoint 18485 | -5/Garrison | Triggered checkpoint 18506 | -5/Garrison | Entered Factory 18643 | -5/Factory | Discovered new exit (range 7) 18794 | -5/Factory | Discovered exit to Upper Caves (range 2) 18806 | -5/Factory | First assault squad dispatched 18846 | -5/Factory | Found Prototype Launcher 18960 | -5/Factory | Lost 3 parts (1p2n) 19070 | -5/Factory | Build established: Bothacker-Sprinter 19387 | -5/Factory | Build established: Hacker-Sprinter 19387 | -5/Factory | Lost 3 parts (2n1u) 19439 | -5/Factory | Spotted B-75 Beast 19441 | -5/Factory | Discovered new exit (range 5) 19467 | -5/Factory | Identified Mni. Smartbomb Launcher 19518 | -5/Factory | Repaired Antimatter Reactor 19612 | -5/Factory | Fabricated Mni. Smartbomb Launcher (x1) 19775 | -5/Factory | Discovered new exit (range 16) 19809 | -5/Factory | Fabricated Mni. Smartbomb Launcher (x1) 19972 | -5/Factory | Build established: Hacker-Mutant 20213 | -5/Factory | Discovered new exit (range 15) 20273 | -5/Factory | Cargo convoy interrupted 20412 | -5/Factory | Found Prototype Processor 20413 | -5/Factory | Identified Exp. Signal Interpreter 20418 | -5/Factory | Found Prototype Device 20419 | -5/Factory | Identified Exp. Force Field 20434 | -5/Factory | Found Prototype Processor 20435 | -5/Factory | Identified Exp. Target Analyzer 20574 | -5/Factory | Core integrity fell below 50% 20834 | -5/Factory | Repaired Plasma Sword 20865 | -5/Factory | Identified exit to Garrison 20876 | -5/Factory | Entered Garrison 20883 | -5/Garrison | Expanded RIF knowledge: Command Fork 20910 | -5/Garrison | Triggered checkpoint 20931 | -5/Garrison | Garrison Relay disabled 20962 | -5/Garrison | Triggered checkpoint 21055 | -5/Garrison | Triggered checkpoint 21071 | -5/Garrison | Spotted B-75 Beast 21072 | -5/Garrison | Assimilated Beast 6a with formatsys_high 21080 | -5/Garrison | Triggered checkpoint 21136 | -5/Garrison | Triggered checkpoint 21197 | -5/Garrison | Triggered checkpoint 21201 | -5/Garrison | Garrison Relay disabled 21241 | -5/Garrison | Discovered new exit (range 13) 21282 | -5/Garrison | Triggered checkpoint 21322 | -5/Garrison | Garrison Relay disabled 21363 | -5/Garrison | Garrison Relay disabled 21373 | -5/Garrison | Triggered checkpoint 21425 | -5/Garrison | Discovered new exit (range 13) 21449 | -5/Garrison | Learned Factory security intel 21551 | -5/Garrison | Discovered new exit (range 15) 21651 | -5/Garrison | Destroyed 7 combat bots 21686 | -5/Garrison | Lost 9 allies 21757 | -5/Garrison | Entered Factory 21757 | -4/Factory | Accompanied by 1 ally 21757 | -4/Factory | Evolved 2 slots: Power x1, Propulsion x1 21830 | -4/Factory | Imp. System Shield fried by hacking feedback 22012 | -4/Factory | Build established: Bothacker-Sprinter 22136 | -4/Factory | Discovered new exit (range 16) 22145 | -4/Factory | Discovered new exit (range 6) 22537 | -4/Factory | Spotted B-86 Titan 22680 | -4/Factory | Central database locked down 22707 | -4/Factory | Discovered new exit (range 7) 22802 | -4/Factory | Spotted B-86 Titan 23063 | -4/Factory | Discovered new exit (range 10) 23083 | -4/Factory | Build established: Hacker-Sprinter 23187 | -4/Factory | Repaired Cld. Aerolev Unit? 23212 | -4/Factory | Repaired Adv. Powered Armor 23253 | -4/Factory | Repaired Cld. Aerolev Unit 23303 | -4/Factory | Fabricated Cld. Aerolev Unit (x1) 23369 | -4/Factory | Repaired Cld. Aerolev Unit 23723 | -4/Factory | Identified exit to Garrison 23727 | -4/Factory | Entered Garrison 23727 | -4/Garrison | Accompanied by 5 allies 23755 | -4/Garrison | Triggered checkpoint 23828 | -4/Garrison | Triggered checkpoint 23828 | -4/Garrison | Garrison Relay disabled 23856 | -4/Garrison | Spotted B-75 Beast 23892 | -4/Garrison | Spotted B-86 Titan 23896 | -4/Garrison | Triggered checkpoint 23949 | -4/Garrison | Triggered checkpoint 23976 | -4/Garrison | Discovered new exit (range 7) 23989 | -4/Garrison | Expanded RIF knowledge: Coupler Efficiency 24009 | -4/Garrison | Triggered checkpoint 24054 | -4/Garrison | Triggered checkpoint 24067 | -4/Garrison | Garrison Relay disabled 24124 | -4/Garrison | Triggered checkpoint 24170 | -4/Garrison | Destroyed 9 combat bots 24208 | -4/Garrison | Spotted B-86 Titan 24209 | -4/Garrison | Assimilated Titan 7a with formatsys_high 24225 | -4/Garrison | Discovered new exit (range 10) 24227 | -4/Garrison | Discovered new exit (range 54) 24227 | -4/Garrison | Discovered new exit (range 6) 24227 | -4/Garrison | Discovered new exit (range 73) 24260 | -4/Garrison | Garrison Relay disabled 24328 | -4/Garrison | Learned Research security intel 24519 | -4/Garrison | Build established: Botlord-Sprinter 24662 | -4/Garrison | Garrison Relay disabled 24671 | -4/Garrison | Entered Research 24671 | -3/Research | Accompanied by 9 allies 24671 | -3/Research | Evolved 2 slots: Propulsion x1, Utility x1 24927 | -3/Research | Found Prototype Hackware 24943 | -3/Research | Found Tactical Quantum Warhead 25172 | -3/Research | Garrison activated, responded to threat 25332 | -3/Research | Discovered new exit (range 11) 25421 | -3/Research | First assault squad dispatched 25443 | -3/Research | Discovered new exit (range 6) 25471 | -3/Research | Discovered new exit (range 12) 25566 | -3/Research | Lost 3 allies 25657 | -3/Research | Identified Exp. System Shield 25767 | -3/Research | Build established: Commander-Sprinter 26010 | -3/Research | Discovered new exit (range 12) 26111 | -3/Research | Identified exit to Research 26156 | -3/Research | Found Prototype Device 26231 | -3/Research | Repaired Cld. Aerolev Unit 26297 | -3/Research | Spotted B-86 Titan 26304 | -3/Research | Assimilated Titan 8a with formatsys_high 26329 | -3/Research | Imp. Hacking Suite fried by hacking feedback 26387 | -3/Research | Fabricated Imp. Hacking Suite? 26403 | -3/Research | Found Prototype Device 26421 | -3/Research | Search patrols dispatched 26444 | -3/Research | Identified Exp. Shield Generator 26535 | -3/Research | Repaired Broken Cld. Aerolev Unit? 26595 | -3/Research | Repaired Cld. Aerolev Unit? 26701 | -3/Research | Search patrols dispatched 26721 | -3/Research | P-80 Master assimilated allied Titan 7a 26728 | -3/Research | Allies destroyed Titan 7a 26952 | -3/Research | Spotted B-86 Titan 26958 | -3/Research | Allies destroyed B-86 Titan 27005 | -3/Research | Identified exit to Garrison 27029 | -3/Research | Garrison activated, responded to threat 27069 | -3/Research | Entered Garrison 27069 | -3/Garrison | Accompanied by 8 allies 27073 | -3/Garrison | Lost 3 allies 27081 | -3/Garrison | Triggered checkpoint 27146 | -3/Garrison | Garrison Relay disabled 27160 | -3/Garrison | Garrison Relay disabled 27186 | -3/Garrison | Triggered checkpoint 27199 | -3/Garrison | Spotted B-86 Titan 27203 | -3/Garrison | Triggered checkpoint 27204 | -3/Garrison | Assimilated Titan 8b with formatsys_high 27239 | -3/Garrison | Triggered checkpoint 27253 | -3/Garrison | Triggered checkpoint 27256 | -3/Garrison | Lost 6 allies 27363 | -3/Garrison | Discovered exit to Research (range 12) 27382 | -3/Garrison | Triggered checkpoint 27416 | -3/Garrison | Garrison Relay disabled 27480 | -3/Garrison | Discovered exit to Research (range 10) 27490 | -3/Garrison | Triggered checkpoint 27634 | -3/Garrison | Spotted B-75 Beast 27649 | -3/Garrison | Rewired B-90 Cyclops 27658 | -3/Garrison | Rewired B-75 Beast 27730 | -3/Garrison | Discovered exit to Research (range 12) 27732 | -3/Garrison | Expanded RIF knowledge: Zone Cloak 27741 | -3/Garrison | Triggered checkpoint 27795 | -3/Garrison | Garrison Relay disabled 27907 | -3/Garrison | Entered Research 27907 | -2/Research | Accompanied by 14 allies 27907 | -2/Research | Evolved 2 slots: Utility x2 27973 | -2/Research | Identified exit to Garrison 27990 | -2/Research | Entered Garrison 27990 | -2/Garrison | Accompanied by 14 allies 28004 | -2/Garrison | Phase Generator disabled 28018 | -2/Garrison | Spotted B-90 Cyclops 28042 | -2/Garrison | Build established: Botlord-Sprinter 28063 | -2/Garrison | Garrison Relay disabled 28066 | -2/Garrison | Triggered checkpoint 28101 | -2/Garrison | Triggered checkpoint 28120 | -2/Garrison | Triggered checkpoint 28156 | -2/Garrison | Triggered checkpoint 28239 | -2/Garrison | Lost 6 allies 28251 | -2/Garrison | Spotted B-75 Beast 28251 | -2/Garrison | Discovered new exit (range 13) 28277 | -2/Garrison | Garrison Relay disabled 28283 | -2/Garrison | Expanded RIF knowledge: Hotswap 28316 | -2/Garrison | Discovered new exit (range 64) 28316 | -2/Garrison | Discovered new exit (range 40) 28316 | -2/Garrison | Discovered new exit (range 11) 28328 | -2/Garrison | Triggered checkpoint 28336 | -2/Garrison | Garrison Relay disabled 28368 | -2/Garrison | Triggered checkpoint 28371 | -2/Garrison | Garrison Relay disabled 28402 | -2/Garrison | Triggered checkpoint 28548 | -2/Garrison | Build established: Commander-Sprinter 28555 | -2/Garrison | Rescued a captive Derelict 28559 | -2/Garrison | Rescued a captive Derelict 28633 | -2/Garrison | Entered Access 28633 | -1/Access | Accompanied by 20 allies 28633 | -1/Access | Evolved 2 slots: Power x1, Propulsion x1 28983 | -1/Access | Identified exit to Garrison 29151 | -1/Access | Identified exit to Command 29267 | -1/Access | Discovered new exit (range 5) 29327 | *** | Escaped! Last Messages --------------- 2x Gamma Bomb Trap Jacked O-32 Director... >>purge_threat Purged threat record, alert level lowered. R-10 Processor collects Imp. Antigrav System. O-32 Director freezes for a moment. Jacked O-32 Director... >>purge_threat Purged threat record, alert level lowered. Connecting with Terminal... >>Index(Garrisons) Found 5 garrison accesses. Downloaded coordinate data. Sneak attack on R-10 Processor. Acquired 73 matter. K-01 Serf collects debris. Acquired 17 matter. The Access Shell folds into the floor. EXIT=FOUND [Achievement: 40k Club] Map ----- +----------------------------------------------------+ | ??? ####### # ??? # # ???????? | | ??? ##???## # ??? # ##???????? | | ??? ##???## """"" """"" # ??? # ########## | | ????????## """"" """"" # ??? # ########## | | ????????## """"" """"" # ??? # | | #####????????## """"" """"" # ??? # | | #####????????## """"" """"" # ??? # ##### #### | | ?????????????## # ??? +^^#####+#### | | #######??????## # ??? # # # | | ###################################### # # | | # ################################# # # | | "" # # | | % "T + # | | # ################ ""####### # + | | #%/################## ""####### # # | | % ##????????## ""##???## # # | | ##????????## T##???## # # | | ! "G"" ##????????## ""##???## ########## | | " ##???????### ""###??## ########## | | % ##???????### BB ""###??## + ?????? # | | % ##???????## BB ##??## # ?????? # | | ! ##???????### ###??## # ?????? # | | ##???????### ###??## # ?????? # | | !!! ##????????## ##???## + ?????? # | | !! % ##????????## b Y ##???## # ?????? + | | !! ###???????## @" ##???## # ?????? # | | % # ???????## bYg"g ##????? ???????? # | | ############???????## YghH Y ##????? ????????## | | ############???????##Y g s ##??????????????? | | ???????????????????## Y g ##????????????????? | | ???????????????????##""""""""""##????????????????? | | ???????????????????##"????????"##????????????????? | | ?????????????????????????????????????????????????? | | ?????????????????????????????????????????????????? | | ?????????????????????????????????????????????????? | | ??????????????????????BB????BB???????????????????? | | ??????????????????????BB????BB????????Y??????????? | | ?????????????????????????????????????????????????? | | ?????????????????????????????????????????????????? | | ?????????????????????????????????????????????????? | | ?????????????????????????????????????????????????? | | ?????????????????????????????????????????????????? | | ?????????????????????????????????????????????????? | | ?????????????????????????????????????????????????? | | ?????????????????????????????????????????????????? | | ?????????????????????????????????????????????????? | | ?????????????????????????????????????????????????? | | ?????????????????????????????????????????????????? | | ?????????????????????????????????????????????????? | | ?????????????????????????????????????????????????? | +----------------------------------------------------+ Best States ------------- Heat Dissipation 71 Energy Generation 61 Energy Capacity 1660 Matter Stores 300 Matter Capacity 300 Sight Range 16 Robot Scan Range 14 Terrain Scan Range 16 Terrain Scan Density 10 ECM Strength 2 Cloak Strength 3 Armor Coverage 625 Resistance: TH 10 Core Shielding 40 Propulsion Shielding 66 Evasion (%) 71 Launcher Accuracy 30 Core Analysis 6 Recoil Reduction 4 Salvage Targeting 2 Offensive Hacking 36 Defensive Hacking 44 Relay Coupler Types 5 Relay Coupler Value 147 Authchip Count 1 Item Schematics ----------------- Aerolev Unit | -8/Materials | Scanalyzed Enh. Nuclear Core | -7/Factory | Scanalyzed Imp. System Guard | -6/Factory | Hacked Imp. Gyrokinetic Inverter | -5/Factory | Hacked Adv. Powered Armor | -5/Factory | Scanalyzed Q-thruster | -5/Factory | Hacked Mni. Smartbomb Launcher | -5/Factory | Scanalyzed Cld. Aerolev Unit | -5/Factory | Scanalyzed Exp. Force Field | -4/Factory | Scanalyzed Adv. Recalibrator | -4/Factory | Hacked Exp. Phase Shifter | -4/Factory | Hacked Fusion Bomb Launcher | -4/Factory | Hacked Mni. Fusion Reactor | -4/Factory | Scanalyzed Adv. Matter Compressor | -4/Factory | Scanalyzed Adv. System Restoration Module | -4/Factory | Scanalyzed Adv. System Shield | -4/Factory | Scanalyzed Imp. Hacking Suite | -4/Factory | Scanalyzed Imp. Quantum Reactor | -4/Factory | Scanalyzed Imp. Remote Shield | -4/Factory | Scanalyzed Tactical Coordination Suite | -4/Factory | Scanalyzed Cld. Antigrav System | -3/Research | Scanalyzed Nanosword | -3/Research | Scanalyzed Lgt. Quantum Reactor | -3/Research | Hacked Robot Schematics ------------------ None Fabricated ------------ Adv. Powered Armor | x1 | -5/Factory Mni. Smartbomb Launcher | x1 | -5/Factory Mni. Smartbomb Launcher | x1 | -5/Factory Cld. Aerolev Unit | x1 | -4/Factory Imp. Hacking Suite | x1 | -3/Research Alien Tech Used ----------------- None Achievements -------------- 40k Club Armchair Analyst Assassin Assimilation Complete Beloved Below Brute Force Collateral Damage Deadly Force Error 47 Factory Defaults Generalissimo Infiltrator Maximum Efficiency Part-time Excavator Pwned Quick And Dirty Rockin' Loadout Slippery One Watch This! We Are Legion Challenges ------------ None Game ------ Seed ClaymoresDisruptorLance Manual? 0 Play Time 17:34:00 Cumulative 30.9 hours Start 2024.12.23 @ 12:04:21 End 2024.12.25 @ 18:22:59 Sessions 9 Manual Loads 0 Difficulty Rogue Special Mode None Game No. 4 Rogue 4 Adventurer 0 Explorer 0 Win Type 0 Total 2 Types 2/0/0/0/0/0/0/0/0 Lore% 17 Gallery% 19 Achievement% 34 Wizard Run 0 Options --------- Layout 1 ASCII 0 Keyboard 0 Movement Mouse Keybinds 0 Fullscreen 1 Font 24/Smallcaps Map View 50x35 Zoom Use 0% Tactical HUD 0 Map Filters NONE Filters NONE Steam 1 RUN: b5193904-84d9-4c62-8c4b-18163017e0b0